 Dungeon Crawl Stone Soup version 0.28.0 (webtiles) character file.

Game seed: 7797295869702837014

3367 jjjjhere the Destroyer (level 10, 0/73 HPs)
             Began as a Gnoll Conjurer on Feb 13, 2022.
             Was a Follower of Makhleb.
             Slain by Prince Ribbit (7 damage)
             ... on level 8 of the Dungeon.
             The game lasted 00:12:14 (9052 turns).

jjjjhere the Destroyer (Gnoll Conjurer)             Turns: 9052, Time: 00:12:14

Health: 0/73       AC:  9    Str: 11    XL:     10   Next: 3%
Magic:  3/20       EV: 12    Int: 18    God:    Makhleb [*.....]
Gold:   401        SH:  0    Dex: 10    Spells: 15/23 levels left

rFire   . . .      SeeInvis .   y - +2 short sword (freeze)
rCold   . . .      Faith    .   (no shield)
rNeg    . . .      Spirit   .   c - +0 ring mail
rPois   .          Reflect  .   g - +0 helmet
rElec   .          Harm     .   A - +0 cloak
rCorr   .          Rampage  .   f - +0 pair of gloves
Will    .....                   (no boots)
Stlth   ++........              (no amulet)
HPRegen 0.22/turn               (no ring)
MPRegen 0.17/turn               (no ring)

@: no status effects
A: fangs 1, strong nose, distributed training
a: Renounce Religion


You were on level 8 of the Dungeon.
You worshipped Makhleb.
Makhleb was aware of your devotion.
You visited 2 branches of the dungeon, and saw 9 of its levels.

You collected 401 gold pieces.

Inventory:

Hand Weapons
 h - a +2 dagger of speed
 m - a +0 hunting sling
 t - a +4 great sword
 u - a +5 scimitar
 y - a +2 short sword of freezing (weapon)
Missiles
 n - 5 throwing nets (quivered)
Armour
 c - a +0 ring mail (worn)
 f - a +0 pair of gloves (worn)
 g - a +0 helmet (worn)
 p - a +0 chain mail
 v - the +3 ring mail of the Abyss {Rampage rN+ Dex-4}
   (You found it on level 6 of the Dungeon)

   Dex:       It affects your dexterity (-4).
   rN:        It protects you from negative energy.
   Rampage:   It bestows one free step when moving towards enemies.
 A - a +0 cloak (worn)
 B - a +0 tower shield
Wands
 o - a wand of flame (32)
 q - a wand of polymorph (5)
 z - a wand of mindburst (4)
Scrolls
 j - 2 scrolls of blinking
 r - a scroll of immolation {unknown}
 w - a scroll of silence {unknown}
 x - a scroll of acquirement {unknown}
Potions
 a - 3 potions of lignification
 b - a potion of magic
 d - a potion of heal wounds {unknown}
 e - 2 potions of haste
 i - a potion of mutation {unknown}
 k - 2 potions of brilliance {unknown}
 l - 3 potions of degeneration {unknown}
 s - a potion of cancellation {unknown}


   Skills:
 + Level 4.8 Fighting
 + Level 4.8 Short Blades
 + Level 4.8 Long Blades
 + Level 4.8 Axes
 + Level 4.8 Maces & Flails
 + Level 4.8 Polearms
 + Level 4.8 Staves
 + Level 4.8 Slings
 + Level 4.8 Bows
 + Level 4.8 Crossbows
 + Level 4.8 Throwing
 + Level 4.8 Armour
 + Level 6.7 Dodging
 + Level 6.4 Stealth
 + Level 4.8 Shields
 + Level 4.8 Unarmed Combat
 + Level 7.0 Spellcasting
 + Level 8.2 Conjurations
 + Level 4.0 Hexes
 + Level 4.0 Summonings
 + Level 4.0 Necromancy
 + Level 4.0 Translocations
 + Level 4.0 Transmutations
 + Level 4.0 Fire Magic
 + Level 4.0 Ice Magic
 + Level 4.0 Air Magic
 + Level 4.0 Earth Magic
 + Level 4.0 Poison Magic
 + Level 5.3 Invocations
 + Level 4.8 Evocations


You had 15 spell levels left.
You knew the following spells:

 Your Spells              Type           Power      Damage    Failure   Level
a - Magic Dart            Conj           100%       1d8       1%          1
b - Searing Ray           Conj           72%        2d7       1%          2
c - Dazzling Flash        Conj/Hex       56%        N/A       6%          3
d - Ensorcelled Hibernat  Hex/Ice        40%        N/A       7%          2

Your spell library contained the following spells:

 Spells                   Type           Power      Damage    Failure   Level
 Sublimation of Blood     Necr           20%        N/A       7%          2
 Wereblood                Tmut           20%        N/A       7%          2
 Spider Form              Tmut/Pois      20%        N/A       14%         3
 Fulminant Prism          Conj/Hex       14%        3d9       19%         4
 Iskenderun's Mystic Bla  Conj/Tloc      28%        2d7       19%         4
 Anguish                  Hex/Necr       10%        N/A       41%         4
 Summon Hydra             Summ           10%        N/A       100%        7


Dungeon Overview and Level Annotations

Branches:
Dungeon (8/15)             Temple (1/1) D:4
   Lair: D:8-11

Altars:
Ashenzari
Dithmenos
Elyvilon
Fedhas
Gozag
Hepliaklqana
Kikubaaqudgha
Makhleb
Nemelex Xobeh
Okawaru
Qazlal
Ru
Sif Muna
Trog
Uskayaw
Vehumet
Wu Jian
Xom
Yredelemnul
Zin
The Shining One

Shops:
D:6 *

Annotations:
D:7 1 runed translucent door, 2 transporters, Bricks's ghost, novice FoFi; Crazy Yiuf
D:8 1 transporter, Prince Ribbit


Innate Abilities, Weirdness & Mutations

You have very sharp teeth.
Your uncanny sense of smell can sniff out nearby items.
Your experience applies equally to all skills.


Message History

Aim: Prince Ribbit (lightly wounded, chance to affect: 35%) Prince Ribbit easily resists.
Casting: Ensorcelled Hibernation (safe; 7% risk of failure)
Confirm with . or Enter, or press ? or * to list all spells.
Aiming: Ensorcelled Hibernation (safe; 7% risk of failure)
Press: ? - help, Shift-Dir - straight line, f/p - Prince Ribbit
Aim: Prince Ribbit (lightly wounded, chance to affect: 35%) Prince Ribbit easily resists.
Casting: Ensorcelled Hibernation (safe; 7% risk of failure)
Confirm with . or Enter, or press ? or * to list all spells.
Aiming: Searing Ray (safe; 1% risk of failure)
Press: ? - help, Shift-Dir - straight line, f/p - Prince Ribbit
Aim: Prince Ribbit (66% to hit)
The searing ray hits Prince Ribbit.
Prince Ribbit is lightly wounded. (Press . to maintain the ray.) Prince Ribbit hits you!
The searing ray hits Prince Ribbit.
Prince Ribbit is moderately wounded.
Prince Ribbit closely misses you.
The searing ray hits Prince Ribbit!
Prince Ribbit is heavily wounded.
Prince Ribbit hits you but does no damage.
Prince Ribbit hits you!
* * * LOW HITPOINT WARNING * * *
The searing ray hits Prince Ribbit.
Prince Ribbit is heavily wounded.
You finish channelling your searing ray.
Prince Ribbit misses you.
Casting: Searing Ray (safe; 1% risk of failure)
Confirm with . or Enter, or press ? or * to list all spells.
Aiming: Searing Ray (safe; 1% risk of failure)
Press: ? - help, Shift-Dir - straight line, f/p - Prince Ribbit
Aim: Prince Ribbit (heavily wounded, 66% to hit)
The searing ray misses Prince Ribbit. (Press . to maintain the ray.) Prince Ribbit hits you!
* * * LOW HITPOINT WARNING * * *
Prince Ribbit hits you!
You die...

# .#
######.######
#....[.#....
#@#........
#F#.#....##
###.#.#......#
........#....#
###........#...
###.###..####
#.###..# .
#......## #.
#####...## #.


You could see Prince Ribbit.

Vanquished Creatures
  Harold (D:7)
  Sigmund (D:4)
  A wyvern (D:7)
  A steam dragon (D:6)
  Duvessa (D:4)
  A hornet zombie (D:5)
  2 black bears
  2 orc warriors
  A necrophage (D:6)
  2 sky beasts (D:6)
  3 ogres
  2 phantoms
  2 bullfrogs
  3 scorpions
  A water moccasin skeleton (D:5)
  Dowan (D:4)
  3 wights (D:4)
  2 electric eels (D:6)
  2 howler monkeys
  A bullfrog zombie (D:6)
  A hound (D:5)
  An orc priest (D:6)
  A centaur skeleton (D:7)
  A scorpion zombie (D:5)
  3 iguanas
  A hound skeleton (D:5)
  Robin (D:4)
  A howler monkey zombie (D:6)
  8 gnolls
  An adder (D:2)
  A dart slug (D:1)
  17 orcs
  2 ball pythons
  6 endoplasms
  2 giant cockroaches
  16 hobgoblins
  9 kobolds
  2 quokkas
  3 bats (D:1)
  5 frilled lizards
  10 goblins
  3 rats
128 creatures vanquished.

Notes
Turn   | Place    | Note
-------+----------+-------------------------------------------
     0 | D:1      | jjjjhere the Gnoll Conjurer began the quest for the Orb.
     0 | D:1      | Reached XP level 1. HP: 13/13 MP: 6/6
   187 | D:1      | Reached XP level 2. HP: 19/19 MP: 3/7
   190 | D:1      | Learned a level 2 spell: Searing Ray
   370 | D:1      | Found a faded altar of an unknown god.
   797 | D:2      | Reached XP level 3. HP: 25/25 MP: 5/9
   801 | D:2      | Reached skill level 5 in Spellcasting
  1232 | D:2      | Reached skill level 1 in Invocations
  1541 | D:3      | Reached skill level 1 in Fighting
  1541 | D:3      | Reached skill level 1 in Short Blades
  1541 | D:3      | Reached skill level 1 in Long Blades
  1541 | D:3      | Reached skill level 1 in Axes
  1541 | D:3      | Reached skill level 1 in Maces & Flails
  1541 | D:3      | Reached skill level 1 in Polearms
  1541 | D:3      | Reached skill level 1 in Staves
  1541 | D:3      | Reached skill level 1 in Slings
  1541 | D:3      | Reached skill level 1 in Bows
  1541 | D:3      | Reached skill level 1 in Crossbows
  1541 | D:3      | Reached skill level 1 in Throwing
  1541 | D:3      | Reached skill level 1 in Armour
  1541 | D:3      | Reached skill level 1 in Shields
  1541 | D:3      | Reached skill level 1 in Unarmed Combat
  1541 | D:3      | Reached skill level 1 in Evocations
  1681 | D:3      | Reached XP level 4. HP: 31/32 MP: 6/11
  1859 | D:3      | Noticed a phantom
  1874 | D:3      | Killed a phantom
  1875 | D:3      | Reached skill level 1 in Hexes
  1875 | D:3      | Reached skill level 1 in Summonings
  1875 | D:3      | Reached skill level 1 in Necromancy
  1875 | D:3      | Reached skill level 1 in Translocations
  1875 | D:3      | Reached skill level 1 in Transmutations
  1875 | D:3      | Reached skill level 1 in Fire Magic
  1875 | D:3      | Reached skill level 1 in Ice Magic
  1875 | D:3      | Reached skill level 1 in Air Magic
  1875 | D:3      | Reached skill level 1 in Earth Magic
  1875 | D:3      | Reached skill level 1 in Poison Magic
  1875 | D:3      | Reached XP level 5. HP: 15/37 MP: 0/12
  2439 | D:4      | Noticed Robin
  2492 | D:4      | Killed Robin
  2642 | D:4      | Noticed a black bear
  2649 | D:4      | Killed a black bear
  2650 | D:4      | Reached XP level 6. HP: 38/44 MP: 4/13
  2764 | D:4      | Noticed Sigmund
  2965 | D:4      | Learned a level 3 spell: Dazzling Flash
  2983 | D:4      | Killed Sigmund
  2984 | D:4      | Reached skill level 5 in Dodging
  3021 | D:4      | Found a staircase to the Ecumenical Temple.
  3046 | Temple   | Entered the Ecumenical Temple
  3223 | Temple   | Became a worshipper of Makhleb the Destroyer
  3448 | D:4      | Noticed Duvessa
  3448 | D:4      | Noticed Dowan
  3467 | D:4      | Killed Duvessa
  3468 | D:4      | Reached XP level 7. HP: 24/51 MP: 6/15
  3670 | D:4      | Killed Dowan
  3807 | D:4      | Reached skill level 5 in Stealth
  4264 | D:5      | Entered Level 5 of the Dungeon
  4603 | D:5      | Reached XP level 8. HP: 33/57 MP: 1/16
  5156 | D:5      | Reached * piety under Makhleb
  5613 | D:6      | Found Vualunos's Assorted Antiques.
  5621 | D:6      | Identified the +3 ring mail of the Abyss {Rampage rN+
                  | Dex-4}
  5777 | D:6      | Reached XP level 9. HP: 65/65 MP: 18/18
  6385 | D:6      | Reached skill level 8 in Conjurations
  6925 | D:6      | Learned a level 2 spell: Ensorcelled Hibernation
  7105 | D:6      | HP: 19/65 [electric eel/bolt of electricity (6)]
  7620 | D:7      | Found a runed translucent door.
  7621 | D:7      | Noticed Crazy Yiuf
  8183 | D:7      | Found a transporter.
  8184 | D:7      | Found a transporter.
  8184 | D:7      | Noticed Bricks's ghost (novice FoFi)
  8269 | D:7      | Reached skill level 5 in Invocations
  8480 | D:7      | Noticed Harold
  8496 | D:7      | Killed Harold
  8497 | D:7      | Reached XP level 10. HP: 40/73 MP: 7/20
  8977 | D:8      | Found a transporter.
  9039 | D:8      | Noticed Prince Ribbit
  9050 | D:8      | HP: 18/73 [Prince Ribbit (14)]
  9052 | D:8      | HP: 7/73 [Prince Ribbit (11)]
  9052 | D:8      | Slain by Prince Ribbit

Illustrated notes

Levels and vault maps discovered:
D:1:      grunt_arrival_crossed_arrows, layout_basic,
          hellmonk_ecumenical_altar_heavens_door, dk_noncrumbling_4
D:2:      layout_loops_ring, minmay_indecisive_spiral
D:3:      layout_rooms, interstate_on_off
D:4:      layout_gridville, minmay_temple_entry_statues_pillars,
          grunt_tough_drop, uniq_sigmund, uniq_duvessa, uniq_robin
D:5:      layout_rooms, solitary_fountain
D:6:      layout_basic, serial_shops, nicolae_stop_n_shop_2, kennysheep_nub,
          kennysheep_boxes
D:7:      layout_basic, gammafunk_ghost_smash, serial_rivers,
          chequers_serial_rivers_marsh, chequers_serial_rivers_marsh,
          chequers_serial_rivers_room_b, chequers_serial_rivers_micro_b,
          chequers_serial_rivers_micro_d, chequers_serial_rivers_small_b,
          uniq_harold, uniq_crazy_yiuf_cottage
D:8:      gammafunk_wand_slinger, layout_loops_corners, enter_bailey_1,
          columned_hall_lemuel, kennysheep_generic_room_12, uniq_prince_ribbit1,
          uniq_pikel
Temple:   mainiacjoe_temple_starburst

Skill      XL: |  1  2  3  4  5  6  7  8  9 |
---------------+----------------------------+-----
Spellcasting   | 5 6 7 |  7.0
Invocations    | 1 2 3 4 5 |  5.3
Fighting       | 1 2 3 4 |  4.8
Short Blades   | 1 2 3 4 |  4.8
Long Blades    | 1 2 3 4 |  4.8
Axes           | 1 2 3 4 |  4.8
Maces & Flails | 1 2 3 4 |  4.8
Polearms       | 1 2 3 4 |  4.8
Staves         | 1 2 3 4 |  4.8
Slings         | 1 2 3 4 |  4.8
Bows           | 1 2 3 4 |  4.8
Crossbows      | 1 2 3 4 |  4.8
Throwing       | 1 2 3 4 |  4.8
Armour         | 1 2 3 4 |  4.8
Shields        | 1 2 3 4 |  4.8
Unarmed Combat | 1 2 3 4 |  4.8
Evocations     | 1 2 3 4 |  4.8
Hexes          | 1 2 3 4 |  4.0
Summonings     | 1 2 3 4 |  4.0
Necromancy     | 1 2 3 4 |  4.0
Translocations | 1 2 3 4 |  4.0
Transmutations | 1 2 3 4 |  4.0
Fire Magic     | 1 2 3 4 |  4.0
Ice Magic      | 1 2 3 4 |  4.0
Air Magic      | 1 2 3 4 |  4.0
Earth Magic    | 1 2 3 4 |  4.0
Poison Magic   | 1 2 3 4 |  4.0
Dodging        | 5 6 |  6.7
Stealth        | 5 6 |  6.4
Conjurations   | 8 |  8.2

Action                   |  1- 3 |  4- 6 |  7- 9 | 10-12 || total
-------------------------+-------+-------+-------+-------++-------
Melee: Dagger            |    38 |    38 |    57 |       ||   133
       Bite              |     2 |     3 |    14 |       ||    19
       Scimitar          |       |       |     7 |       ||     7
       Short sword       |       |       |    37 |     1 ||    38
       Punch             |       |       |     3 |       ||     3
 Cast: Magic Dart        |    35 |       |     4 |       ||    39
       Searing Ray       |     6 |    17 |    50 |     2 ||    75
       Dazzling Flash    |       |       |     1 |       ||     1
       Ensorcelled Hiber |       |       |    13 |     6 ||    19
Evoke: Wand              |       |       |     1 |       ||     1
  Use: Scroll            |       |     4 |     4 |       ||     8
       Potion            |       |       |     1 |       ||     1
 Stab: Sleeping          |     1 |     1 |     7 |       ||     9
       Distracted        |       |       |     1 |       ||     1
Armor: Ring mail         |    10 |    26 |    52 |     1 ||    89
       Chain mail        |       |     1 |       |       ||     1
       Skin              |       |       |     6 |       ||     6
Dodge: Dodged            |    20 |    40 |    76 |     3 ||   139
